 Dungeon Crawl Stone Soup version 0.24-a0-271-ga0fc33f (webtiles) character file.

Game seed: 2988587223501230539

2667 Laiders72 the Slinger (level 9, -6/60 HPs)
             Began as a Halfling Hunter on Apr 24, 2019.
             Was a Priest of Okawaru.
             Killed by divine providence
             ... invoked by an orc priest
              (11 damage)
             ... on level 8 of the Dungeon.
             The game lasted 00:27:35 (7344 turns).

Laiders72 the Slinger (Halfling Hunter)             Turns: 7344, Time: 00:27:36

Health: -6/60      AC: 20    Str: 18    XL:     9   Next: 94%
Magic:  12/12      EV: 16    Int: 13    God:    Okawaru [***...]
Gold:   357        SH:  7    Dex: 17    Spells: 8/8 levels left

rFire    . . .     SeeInvis +   b - +3 hand axe
rCold    . . .     Gourm    .   C - +0 buckler
rNeg     . . .     Faith    .   w - +3 chain mail of Fiqivo {MR++ Int+4 SInv}
rPois    +         Spirit   .   v - +2 hat
rElec    .         Reflect  .   t - +0 cloak
rCorr    .         Harm     .   c - +0 pair of gloves
MR       ++...                  e - +2 pair of boots
Stlth    ++........             (no amulet)
HPRegen  0.20/turn              l - +4 ring of strength
MPRegen  0.13/turn              E - ring of poison resistance

@: heroism
A: small, mutation resistance 1
a: Heroism, Renounce Religion


You were on level 8 of the Dungeon.
You worshipped Okawaru.
Okawaru was most pleased with you.
You were hungry.

You visited 1 branch of the dungeon, and saw 8 of its levels.

You collected 357 gold pieces.

Inventory:

Hand Weapons
 a - a +1 hunting sling
 b - a +3 hand axe (weapon)
Missiles
 d - 50 sling bullets
 j - 250 stones (quivered)
Armour
 c - a +0 pair of gloves (worn)
 e - a +2 pair of boots (worn)
 t - a +0 cloak (worn)
 v - a +2 hat (worn)
 w - the +3 chain mail of Fiqivo (worn) {MR++ Int+4 SInv}
   (You found it on level 5 of the Dungeon)

   It affects your intelligence (+4).
   It affects your resistance to hostile enchantments.
   It lets you see invisible.
 C - a +0 buckler (worn)
Jewellery
 l - a +4 ring of strength (left hand)
 u - an uncursed ring of wizardry
 E - a ring of poison resistance (right hand)
Wands
 A - a wand of random effects (15)
 D - a wand of disintegration (20)
 G - a wand of digging (2)
Scrolls
 g - 3 scrolls of identify
 h - 2 scrolls of fear
 i - 7 scrolls of remove curse
 k - 4 scrolls of fog
 m - a scroll of magic mapping {unknown}
 o - 3 scrolls of enchant weapon {unknown}
 p - a scroll of enchant armour {unknown}
 q - a scroll of blinking {unknown}
 x - a scroll of immolation {unknown}
 y - a scroll of noise {unknown}
Potions
 n - a potion of brilliance {unknown}
 r - 2 potions of agility {unknown}
 s - a potion of magic
 z - a potion of berserk rage {unknown}
 B - 2 potions of lignification {unknown}
 F - a potion of flight
Comestibles
 f - 10 rations


   Skills:
 + Level 4.9(9.9) Fighting
 * Level 11.6(16.6) Slings
 + Level 5.9(10.9) Dodging
 + Level 6.0(11.0) Stealth
 + Level 3.4(8.4) Shields
 + Level 4.9 Invocations


You had 8 spell levels left.
You didn't know any spells.
Your spell library was empty.

Dungeon Overview and Level Annotations

Branches:
Dungeon (8/15)             Temple (0/1) D:6
   Lair: D:8-11

Altars:
Dithmenos
Fedhas
Gozag
Hepliaklqana
Kikubaaqudgha
Okawaru
Ru
Xom
Zin
The Shining One

Shops:
D:6 [

Annotations:
D:3 3 runed translucent doors, Lanoc's ghost, amateur DrMo
D:7 3 runed translucent doors, RexLacerta's ghost, novice HaHu


Innate Abilities, Weirdness & Mutations

You are small and have problems with some larger weapons.
You are somewhat resistant to further mutation.


Message History

You hit the orc wizard but do no damage.
The orc wizard is heavily wounded.
The orc wizard completely misses you.
Your chain mail of Fiqivo prevents you from hitting the orc wizard.
The orc wizard is heavily wounded.
You block the orc wizard's attack.
You slash the orc wizard!
You kill the orc wizard!
Okawaru accepts your kill.
You barely miss the orc priest.
The orc priest hits you but does no damage.
You barely miss the orc priest.
The orc priest calls down the wrath of Beogh upon you.
Beogh smites you!
* * * LOW HITPOINT WARNING * * *
You hit the orc priest.
The orc priest is lightly wounded.
The orc priest mumbles some strange prayers to Beogh against you.
Beogh smites you!
You die...

##.#...##....
##..#......... #
#....#..#......#
#......## ...)#
##.#...# #..##
####..## ....
##.(##..#
#)$(...#
##@#(..#
#o#.(..#
..#..(....
#.....(#...
#.....%# >.
##...... [
.#....#. . ..#


You could see an orc priest.

Vanquished Creatures
  A hippogriff (D:8)
  Sigmund (D:5)
  Menkaure (D:5)
  An ice beast (D:4)
  A black bear (D:7)
  An orc warrior (D:8)
  2 phantoms
  5 ogres
  3 bullfrogs
  A gnoll sergeant (D:7)
  3 scorpions
  3 wights (D:6)
  4 crimson imps
  2 orc priests
  2 jellies
  3 bullfrog skeletons
  2 orc wizards
  Ijyb (D:5)
  3 worker ants
  2 killer bee zombies
  2 hound skeletons
  A worker ant zombie (D:6)
  4 gnolls (D:7)
  4 adders
  A shadow imp (D:5)
  2 oozes
  2 adder skeletons (D:5)
  A worm (D:2)
  A dart slug (D:2)
  6 leopard geckos
  22 orcs
  2 ball pythons
  4 giant cockroaches
  3 hobgoblins
  13 jackals
  2 quokkas
  4 bats
  6 frilled lizards
  8 goblins
  6 kobolds
  A quokka skeleton (D:4)
  8 rats
145 creatures vanquished.

Vanquished Creatures (others)
  2 fungi (D:7)
  2 plants (D:7)
4 creatures vanquished.

Grand Total: 149 creatures vanquished

Notes
Turn   | Place    | Note
-------+----------+-------------------------------------------
     0 | D:1      | Laiders72 the Halfling Hunter began the quest for the Orb.
     0 | D:1      | Reached XP level 1. HP: 14/14 MP: 1/1
   135 | D:1      | Reached skill level 6 in Slings
   140 | D:1      | Reached XP level 2. HP: 19/19 MP: 2/2
   237 | D:1      | Reached XP level 3. HP: 24/24 MP: 3/3
   959 | D:2      | Reached XP level 4. HP: 29/29 MP: 4/4
  1002 | D:2      | Found a shadowy altar of Dithmenos.
  1006 | D:2      | Found a blossoming altar of Fedhas.
  1194 | D:2      | Found a sacrificial altar of Ru.
  1786 | D:3      | Found a runed translucent gate.
  1786 | D:3      | Found a runed translucent gate.
  1786 | D:3      | Found an opulent altar of Gozag.
  1794 | D:3      | Found a runed translucent gate.
  1816 | D:3      | Noticed Lanoc's ghost (amateur DrMo)
  1816 | D:3      | Noticed an ogre
  1959 | D:3      | Reached skill level 7 in Slings
  2430 | D:3      | Found an iron altar of Okawaru.
  2433 | D:3      | Found a shimmering altar of Xom.
  2436 | D:3      | Found an ancient bone altar of Kikubaaqudgha.
  2439 | D:3      | Found a hazy altar of Hepliaklqana.
  2503 | D:3      | Became a worshipper of Warmaster Okawaru
  2549 | D:4      | Reached XP level 5. HP: 35/35 MP: 5/5
  2884 | D:4      | Found a glowing silver altar of Zin.
  2910 | D:4      | Noticed an ogre
  2915 | D:4      | Killed an ogre
  2915 | D:4      | Reached skill level 1 in Invocations
  2915 | D:4      | Reached XP level 6. HP: 41/41 MP: 6/6
  2962 | D:4      | HP: 2/41 [iguana (3)]
  3270 | D:4      | Noticed an ice beast
  3323 | D:4      | Killed an ice beast
  3323 | D:4      | Reached skill level 8 in Slings
  3766 | D:5      | Entered Level 5 of the Dungeon
  3793 | D:5      | Found a glowing golden altar of the Shining One.
  3800 | D:5      | Noticed a phantom
  3870 | D:5      | Killed a phantom
  3870 | D:5      | Reached * piety under Okawaru
  3870 | D:5      | Reached XP level 7. HP: 32/46 MP: 8/8
  4119 | D:5      | Got a pitted chain mail
  4130 | D:5      | Identified the +3 chain mail of Fiqivo {MR++ Int+4 SInv}
                  | (You found it on level 5 of the Dungeon)
  4253 | D:5      | Reached skill level 9 in Slings
  4605 | D:5      | Noticed Menkaure
  4615 | D:5      | Killed Menkaure
  4615 | D:5      | Reached XP level 8. HP: 29/53 MP: 6/10
  4626 | D:5      | Noticed Ijyb
  4653 | D:5      | Killed Ijyb
  4661 | D:5      | Noticed Sigmund
  4911 | D:6      | Found a staircase to the Ecumenical Temple.
  5061 | D:6      | Found Voujuk Koce's Armour Shoppe.
  5130 | D:6      | Reached ** piety under Okawaru
  5206 | D:6      | Reached skill level 10 in Slings
  5255 | D:6      | Reached skill level 1 in Shields
  5438 | D:6      | Reached skill level 5 in Stealth
  5453 | D:6      | Reached skill level 5 in Dodging
  5463 | D:6      | Reached XP level 9. HP: 49/58 MP: 11/11
  6275 | D:5      | Killed Sigmund
  6368 | D:7      | Reached *** piety under Okawaru
  6377 | D:7      | Reached skill level 11 in Slings
  6471 | D:7      | Received a gift from Okawaru
  6688 | D:7      | Found a runed translucent gate.
  6688 | D:7      | Identified the +9 whip of the Viper {drain, MP+9 Int+6 SInv
                  | Stlth+}
  6689 | D:7      | Noticed RexLacerta's ghost (novice HaHu)
  6693 | D:7      | Found a runed translucent gate.
  6693 | D:7      | Found a runed translucent gate.
  7306 | D:8      | Noticed a hippogriff
  7320 | D:8      | Killed a hippogriff
  7344 | D:8      | Killed from afar by an orc priest

Levels and vault maps discovered:
D:1:      lemuel_arrival_hallway, layout_rooms, minmay_fountain_box
D:2:      layout_basic, lemuel_round_altar,
          chequers_temple_overflow_statue_of_worship
D:3:      layout_basic, grunt_temple_overflow_cloverleaf, ebering_ghost_gozag,
          kennysheep_generic_room_10
D:4:      layout_loops_ring, kennysheep_little_box
D:5:      layout_loops_corners, lemuel_doored_altar, first_ration,
          uniq_menkaure, uniq_ijyb, uniq_sigmund
D:6:      layout_basic, minmay_temple_entry_antechambers, serial_shops, shop,
          kennysheep_minor_cross
D:7:      layout_basic, gammafunk_ghost_nasty_kobolds
D:8:      layout_cave_pools, grunt_pizzeria

Skill      XL: |  1  2  3  4  5  6  7  8  9 |
---------------+----------------------------+-----
Slings         | 6 7 8 9 10 11 | 11.6
Fighting       | 2 3 4 |  4.9
Stealth        | 2 3 4 5 6 |  6.0
Dodging        | 3 4 5 |  5.9
Invocations    | 1 2 3 4 |  4.9
Shields        | 1 3 |  3.4

Action                   |  1- 3 |  4- 6 |  7- 9 || total
-------------------------+-------+-------+-------++-------
Melee: Short sword       |     8 |       |       ||     8
       Dagger            |       |   134 |       ||   134
       Hand axe          |       |    34 |   195 ||   229
 Fire: Hunting sling     |    66 |   128 |   248 ||   442
Invok: Heroism           |       |       |     6 ||     6
  Use: Scroll            |     2 |     2 |       ||     4
       Potion            |       |     5 |       ||     5
 Stab: Sleeping          |     1 |       |       ||     1
  Eat: Chunk             |       |     8 |    11 ||    19
Armor: Ring mail         |     2 |    53 |    24 ||    79
       Chain mail        |       |       |   105 ||   105
Dodge: Dodged            |    12 |    93 |   159 ||   264
Block: Buckler           |       |       |    63 ||    63

Table legend:
 A = Non-vault XP
 B = Vault XP
 C = Vault XP percentage of total XP
 D = Non-vault monster count
 E = Vault monster count
 F = Vault count percentage of total count
                 A         B        C        D         E       F
            +---------+---------+-------+---------+---------+-------
      Total |    3393 |     417 |  10.9 |     141 |       4 |   2.8
            +---------+---------+-------+---------+---------+-------
        D:1 |      40 |       0 |   0.0 |      21 |       0 |   0.0
        D:2 |      37 |       0 |   0.0 |      14 |       0 |   0.0
        D:3 |      57 |       1 |   1.7 |      19 |       1 |   5.0
        D:4 |     361 |       0 |   0.0 |      19 |       0 |   0.0
        D:5 |     541 |     416 |  43.5 |      19 |       3 |  13.6
        D:6 |     950 |       0 |   0.0 |      28 |       0 |   0.0
        D:7 |     822 |       0 |   0.0 |      16 |       0 |   0.0
        D:8 |     585 |       0 |   0.0 |       5 |       0 |   0.0
            +---------+---------+-------+---------+---------+-------
